Kradschützen Motorcycle Team
Construct Light Support Kompanie
Selects Armored Support Battlegroup
Selects Superior Fire Drills
Construct Mechanized Kompanie
Panzerjäger Mechanized Group
Marder III Tank Destroyer
Selects Flammpanzer III Medium Tank
Flammpanzer III Medium Tank
Flammpanzer III Medium Tank
Selects Command Panzer IV F Medium Tank
Command Panzer IV F Medium Tank
Marder III Tank Destroyer
Marder III Tank Destroyer
Marder III Tank Destroyer
Construct Panzerarmee Kommand
Kradschützen Motorcycle Team